 Dungeon Crawl Stone Soup version 0.19-a0-1097-g38e3b35 (webtiles) character file.

337489 hairmachine the Slayer (level 21, -7/184 HPs)
             Began as a Minotaur Fighter on Aug 7, 2016.
             Was the Champion of Makhleb.
             Mangled by an Executioner (9 damage)
             ... on level 4 of the Abyss on Aug 8, 2016.
             The game lasted 02:55:24 (46166 turns).

hairmachine the Slayer (Minotaur Fighter)          Turns: 46166, Time: 02:55:26

Health: -7/184     AC: 29    Str: 29      XL:     21   Next: 1%
Magic:  32/32      EV: 20    Int:  4 (5)  God:    Makhleb [******]
Gold:   1160       SH: 24    Dex: 25      Spells: 0 memorised, 20 levels left

rFire  + . .     SeeInvis +     R - +1 war axe (elec)
rCold  . . .     Gourm    .     Q - +0 plate armour "Urheaboe" {rPois rCorr Dex+2 Stlth+}
rNeg   . . .     Faith    .     i - +0 large shield
rPois  +         Spirit   .     E - +2 hat
rElec  .         Dismiss  .     a - +2 cloak of Life {+Inv Str+6}
rCorr  +         Reflect  .     T - +2 pair of gloves
SustAt .         Harm     .     o - +0 pair of boots
MR     +....                    Z - amulet of regeneration
Stlth  ..........               s - ring of see invisible
                                b - ring of protection from fire

@: agile, about to teleport
A: retaliatory headbutt, horns 2, deterioration 1, frail 1
a: Minor Destruction, Lesser Servant of Makhleb, Major Destruction, Greater
Servant of Makhleb, Renounce Religion, Evoke Invisibility
}: 2/15 runes: serpentine, abyssal


You were on level 4 of the Abyss.
You worshipped Makhleb.
Makhleb was exalted by your worship.
You were very hungry.

You visited 7 branches of the dungeon, and saw 31 of its levels.
You visited the Abyss 2 times.
You also visited: Sewer and Ossuary.

You collected 3552 gold pieces.
You spent 2392 gold pieces at shops.

Inventory:

Hand Weapons
 D - a +4 flail of holy wrath
 N - a +1 war axe of chopping
 O - a +1 broad axe
 R - a +1 war axe of electrocution (weapon)
Armour
 a - the +2 cloak of Life (worn) {+Inv Str+6}
   (You found it on level 11 of the Dungeon)

   It affects your strength (+6).
   It lets you turn invisible.
 c - a +0 shield
 i - a +0 large shield (worn)
 o - a +0 pair of boots (worn)
 E - a +2 hat (worn)
 Q - the +0 plate armour "Urheaboe" (worn) {rPois rCorr Dex+2 Stlth+}
   (You found it on level 1 of the Lair of Beasts)

   It affects your dexterity (+2).
   It protects you from poison.
   It protects you from acid and corrosion.
   It makes you more stealthy.
 T - a +2 pair of gloves (worn)
Rods
 W - a +3 rod of shadows (13/13)
   (You found it on level 4 of the Abyss)
Jewellery
 b - a ring of protection from fire (left hand)
 n - an uncursed amulet of rage
 s - a ring of see invisible (right hand)
 Z - an amulet of regeneration (around neck)
Wands
 d - a wand of iceblast (4/15)
 p - a wand of enslavement (16/24)
 u - a wand of digging (5/24)
 S - a wand of slowing (11/48)
 V - a wand of lightning (7/15)
 X - a wand of acid (7/15)
Scrolls
 j - 6 scrolls of remove curse
 k - 2 scrolls of recharging
 l - a scroll of identify
 m - 10 scrolls of enchant armour
 y - 2 scrolls of fear
 J - 2 scrolls of fog
 K - 2 scrolls of magic mapping
Potions
 g - 6 potions of lignification
 q - 2 potions of ambrosia
 v - 10 potions of flight
 x - 4 potions of resistance
 A - 2 potions of cure mutation {unknown}
 F - 4 potions of agility
 I - 2 potions of cancellation
Books
 z - a book of Party Tricks

   Spells                             Type                      Level
   a - Summon Butterflies             Summoning                    1
   b - Apportation                    Translocation                1
   c - Tukima's Dance                 Hexes                        3
   d - Alistair's Intoxication        Transmutation/Poison         5
   e - Invisibility                   Hexes                        6
 P - a book of Flames

   Spells                             Type                      Level
   a - Flame Tongue                   Conjuration/Fire             1
   b - Throw Flame                    Conjuration/Fire             2
   c - Conjure Flame                  Conjuration/Fire             3
   d - Inner Flame                    Hexes/Fire                   3
   e - Sticky Flame                   Conjuration/Fire             4
   f - Fireball                       Conjuration/Fire             5
Miscellaneous
 t - a phantom mirror
 M - a fan of gales
Comestibles
 f - 15 bread rations
 h - 11 slices of pizza
 w - 22 beef jerkies
 B - 3 royal jellies
 C - 4 chunks of flesh
 G - 22 meat rations
 L - 37 fruits


   Skills:
 + Level 21.4 Fighting
 + Level 19.3 Axes
 - Level 18.4 Armour
 - Level 9.6 Dodging
 * Level 18.7 Shields
 - Level 17.6 Invocations
 - Level 4.3 Evocations


You had 20 spell levels left.
You didn't know any spells.

Dungeon Overview and Level Annotations

Branches:
Dungeon (14/15)            Temple (1/1) D:7            Lair (6/6) D:8
 Shoals (1/4) Lair:3        Snake (4/4) Lair:2        Slime (0/5) Lair:6
    Orc (2/2) D:9             Elf (3/3) Orc:2        Vaults (0/5) D:14

Altars:
Ashenzari
Cheibriados
Dithmenos
Fedhas
Hepliaklqana
Kikubaaqudgha
Makhleb
Nemelex Xobeh
Okawaru
Pakellas
Qazlal
Ru
Sif Muna
Trog
Uskayaw
Vehumet
Xom
Yredelemnul
Zin
The Shining One

Shops:
D:5 !   D:6 (   D:8 ?   D:11 (   D:12 =   Orc:2 [?:*   Elf:1 :   Shoals:1 (
Snake:2 [=}   Snake:4 *

Portals:
Pandemonium: Orc:2
Bazaar: Elf:3
Trove: D:14 (lose all piety)

Annotations:
D:14 exclusion: Roxanne, Roxanne
Lair:4 exclusion: 2 oklob plants


Innate Abilities, Weirdness & Mutations

You reflexively headbutt those who attack you in melee.
You have a pair of horns on your head.
Your body sometimes deteriorates upon taking damage.
You are frail. (-10% HP)


Message History

The Executioner hits you but does no damage. x2
The Executioner barely misses you. The large abomination misses you.
You furiously retaliate!
You headbutt the large abomination, but do no damage.
You block the Executioner's attack. The Executioner barely misses you.
You block the Executioner's attack.
You feel agile all of a sudden. The Executioner gestures at you.
You resist with some effort. The Executioner misses you.
You block the Executioner's attack. x2; The large abomination hits you!
* * * LOW HITPOINT WARNING * * *
The Executioner gestures at you. You resist with some effort.
As you read the scroll of teleportation, it crumbles to dust.
You feel strangely unstable.
You feel the power of the Abyss delaying your translocation!
You block the Executioner's attack. The Executioner completely misses you.
The Executioner hits you but does no damage.
The Executioner hits you!
You die...

.. ## #.# ##
#.##.#.. #
## ....#.
... # ..#.
.#..# #.#.
#..# #. .
#...#..# ..
. # #.X@1#
.. ..
##..)...#..#
..
###...##..
..#.#.#
##..# #
#...#...
.##.#.#.# #
..>.. .# ..
##.# . #.# .


You could see an Executioner and a large abomination.

Vanquished Creatures
  Nikola (Snake:4)
  A profane servitor (Abyss:4)
  2 bone dragons
  A deep elf master archer (Elf:3)
  An Executioner (Abyss:4)
  20 tentacled starspawn
  Agnes (Snake:4)
  9 greater nagas
  2 daevas (Abyss:4)
  A ghost moth (Abyss:4)
  5 deep elf sorcerers
  An orc warlord (Orc:2)
  3 deep elf elementalists (Elf:3)
  2 very ugly things (Abyss:4)
  2 deep elf demonologists
  Azrael (Orc:2)
  A red draconian (Abyss:4)
  A spark wasp (shapeshifter) (Abyss:4)
  Nessos (D:13)
  A mottled draconian (Abyss:4)
  A merfolk impaler (Shoals:1)
  2 crystal guardians (Abyss:4)
  A green death (Abyss:4)
  A deep elf death mage (Elf:2)
  A minotaur (shapeshifter) (Abyss:4)
  A fire dragon (Lair:6)
  2 great orbs of eyes (Abyss:4)
  Erolcha (Orc:2)
  3 deep elf high priests
  6 rakshasas (Abyss:4)
  A great orb of eyes (shapeshifter) (Abyss:4)
  Josephine (D:12)
  18 naga warriors
  7 hydras
  A catoblepas (Lair:5)
  4 anacondas
  2 alligator snapping turtles (Shoals:1)
  2 merfolk avatars (Shoals:1)
  24 dancing weapons
  A merfolk aquamancer (Shoals:1)
  2 centaur warriors (D:13)
  5 death yaks
  A satyr (Abyss:4)
  2 tengu warriors (D:14)
  32 thrashing horrors
  14 naga sharpshooters
  A titan zombie (Abyss:4)
  Sonja (Orc:2)
  2 soul eaters
  10 orc high priests
  5 shock serpents
  19 wretched stars
  A sun demon (Abyss:4)
  16 deep elf knights
  4 spatial maelstroms
  11 sea snakes
  A salamander mystic (Snake:4)
  An unseen horror (shapeshifter) (Elf:3)
  8 unseen horrors (Abyss:4)
  6 naga ritualists
  A phantasmal warrior (Abyss:2)
  13 deep elf archers
  A torturous demonspawn (Orc:2)
  A hill giant (D:14)
  A wizard (D:14)
  2 lindwurms (Lair:6)
  A harpy (Shoals:1)
  2 gelid demonspawn (Orc:2)
  5 orc knights (Orc:2)
  The ghost of skk the Shield-Bearer, a novice DsFi of Okawaru (D:4)
  A salamander (shapeshifter) (Elf:1)
  3 griffons
  10 salamanders
  5 mana vipers
  5 sixfirhies
  7 orc sorcerers
  5 worldbinders
  59 deep elf magi
  8 ugly things
  An orb spider (Abyss:4)
  14 elephants
  2 manticores
  27 black mambas
  A moth of wrath (shapeshifter) (Elf:1)
  2 sirens (Shoals:1)
  2 centaur zombies
  A rust devil (Orc:2)
  A shock serpent zombie (Abyss:4)
  Maurice (D:12)
  14 smoke demons
  A water nymph (Shoals:1)
  22 naga magi
  6 torpor snails (Lair:6)
  4 guardian serpents
  4 spiny frogs
  A gargoyle (D:13)
  An apocalypse crab (Abyss:4)
  An orange demon (Abyss:4)
  7 efreet
  2 tormentors
  2 freezing wraiths (Abyss:3)
  A kobold demonologist (Abyss:4)
  An ice devil (Orc:2)
  9 komodo dragons
  A hellion (Abyss:3)
  15 ancient zymes
  2 demonic crawlers (Abyss:4)
  5 hellwings (Abyss:4)
  2 rime drakes (Lair:4)
  A troll (shapeshifter) (Elf:1)
  4 tengu conjurers (D:14)
  2 giant leeches (Lair:6)
  10 polar bears (Lair:6)
  5 merfolk (Shoals:1)
  8 trolls
  A red devil (Abyss:4)
  4 wind drakes (Shoals:1)
  6 blink frogs
  53 raiju
  3 two-headed ogres
  12 slime creatures
  4 snapping turtles
  2 air elementals
  9 flying skulls (Abyss:4)
  A centaur simulacrum (D:14)
  9 ynoxinuls
  An ettin skeleton (Abyss:4)
  4 wyverns
  A vampire (Abyss:4)
  10 fire elementals
  4 wraiths
  7 water elementals
  4 fire bats
  5 neqoxecs (Abyss:4)
  A hippogriff (shapeshifter) (D:13)
  6 golden eyes (Abyss:4)
  4 basilisks
  47 yaks
  2 vampire mosquitoes (D:14)
  9 chaos spawn
  16 hippogriffs
  4 hungry ghosts
  Grum (D:10)
  Edmund (D:4)
  3 steam dragons
  Menkaure (D:4)
  2 mottled dragons (D:14)
  45 nagas
  A spatial vortex (Abyss:4)
  12 wargs
  26 porcupines
  14 water moccasins
  12 hell hounds
  A swamp drake (D:9)
  40 large abominations
  6 sky beasts
  30 orc warriors
  6 eyes of draining
  15 black bears
  4 phantoms
  9 wasps
  4 ice beasts
  A necrophage (D:9)
  15 ogres
  19 wolves
  7 centaurs
  10 crocodiles
  7 big kobolds
  11 giant frogs
  2 elf zombies (Ossuary)
  3 earth elementals
  3 wyvern zombies
  A gnoll sergeant (D:7)
  A scorpion (D:9)
  3 wights (Abyss:4)
  5 killer bees
  A snapping turtle simulacrum (Abyss:4)
  2 howler monkeys
  5 electric eels
  6 jellies
  7 crimson imps
  22 small abominations
  47 starcursed masses
  4 quasits
  Crazy Yiuf (D:2)
  A giant frog zombie (D:5)
  26 orc priests
  19 hounds
  2 human zombies (Ossuary)
  12 iguanas
  7 centaur skeletons
  2 iron imps
  Jessica (D:2)
  19 orc wizards
  5 worker ants
  24 sheep
  A big kobold zombie (Ossuary)
  A hound zombie (Ossuary)
  3 mummies (Ossuary)
  12 gnolls
  A howler monkey skeleton (D:4)
  12 adders
  70 river rats
  2 shadow imps
  3 white imps
  2 ufetubi
  4 adder zombies
  2 worms
  4 dart slugs
  6 giant geckos
  109 orcs
  A ball python (D:4)
  3 giant cockroaches
  4 gnoll zombies (Ossuary)
  10 goblins
  4 hobgoblins
  23 jackals
  22 kobolds
  2 quokkas
  7 bats
  6 giant newts
  4 goblin zombies (Ossuary)
  3 hobgoblin zombies (Ossuary)
  A jackal skeleton (D:4)
  4 jackal zombies (Ossuary)
  3 kobold zombies (Ossuary)
  3 orc zombies (Ossuary)
  3 quokka zombies (Ossuary)
  7 rats
  3 rat zombies (Ossuary)
  A fungus (Lair:6)
  6 plants
  23 starspawn tentacles
1731 creatures vanquished.

Vanquished Creatures (collateral kills)
  A deep elf sorcerer (Elf:1)
  Louise (Snake:4)
  2 hydras (Lair:6)
  A naga sharpshooter (Snake:4)
  A deep elf archer (Elf:1)
  4 deep elf magi (Elf:1)
  3 elephants (Lair:4)
  A black mamba (Lair:5)
  A naga mage (Snake:4)
  2 blink frogs (Lair:4)
  A raiju (Abyss:4)
  3 yaks (Lair:6)
  2 nagas (Snake:4)
  A hell hound (Orc:2)
  An orc warrior (Orc:2)
  An ogre (Orc:2)
  2 river rats
  An orc (Orc:2)
29 creatures vanquished.

Vanquished Creatures (others)
  A draconian scorcher (Abyss:4)
  A deep elf high priest (Elf:3)
  2 thrashing horrors (Abyss:4)
  A naga ritualist (Snake:4)
  An apocalypse crab (Abyss:4)
  An orange demon (Abyss:4)
  A yaktaur (shapeshifter) (Abyss:4)
  4 starcursed masses (Abyss:4)
  A raiju (Abyss:4)
  2 golden eyes (Abyss:4)
  2 chaos spawn (Orc:2)
  An ogre (D:9)
  3 small abominations (Abyss:4)
  3 orcs
  A demonic plant (Abyss:4)
  11 fungi
  7 lurking horrors (Abyss:4)
  30 plants
  49 starspawn tentacles
  328 starspawn tentacle segments
450 creatures vanquished.

Grand Total: 2210 creatures vanquished

Notes
Turn   | Place    | Note
-------+----------+-------------------------------------------
     0 | D:1      | hairmachine the Minotaur Fighter began the quest for the Orb.
     0 | D:1      | Reached XP level 1. HP: 19/19 MP: 0/0
   166 | D:1      | Reached XP level 2. HP: 14/26 MP: 1/1
   873 | D:1      | Reached XP level 3. HP: 30/31 MP: 2/2
   996 | D:2      | Noticed Jessica
  1020 | D:2      | Killed Jessica
  1020 | D:2      | Reached skill level 5 in Axes
  1020 | D:2      | Reached XP level 4. HP: 28/39 MP: 3/3
  1697 | D:2      | Found a runed door.
  1856 | D:2      | Found a bloodstained altar of Trog.
  1940 | D:2      | Noticed Crazy Yiuf
  1946 | D:2      | Killed Crazy Yiuf
  1946 | D:2      | Reached XP level 5. HP: 44/45 MP: 4/4
  2145 | D:3      | Found a sparkling altar of Nemelex Xobeh.
  2884 | D:4      | Noticed a phantom
  2910 | D:4      | Killed a phantom
  2910 | D:4      | Reached skill level 4 in Fighting
  2910 | D:4      | Reached XP level 6. HP: 38/52 MP: 5/5
  3001 | D:4      | Found a sand-covered staircase.
  3020 | Ossuary  | Entered an ossuary
  3291 | Ossuary  | Reached skill level 5 in Shields
  3291 | Ossuary  | Reached XP level 7. HP: 45/60 MP: 6/6
  3387 | Ossuary  | Reached skill level 5 in Fighting
  3736 | D:4      | Noticed skk's ghost (novice DsFi)
  3773 | D:4      | Killed skk's ghost
  3773 | D:4      | Reached skill level 6 in Fighting
  3773 | D:4      | Reached skill level 5 in Armour
  3773 | D:4      | Reached XP level 8. HP: 24/70 MP: 7/7
  4068 | D:4      | Noticed Menkaure
  4098 | D:4      | Killed Menkaure
  4583 | D:4      | Noticed Edmund
  4595 | D:4      | Killed Edmund
  4757 | D:4      | Found a glowing silver altar of Zin.
  4980 | D:4      | Found a stormy altar of Qazlal.
  4982 | D:4      | Found an iron altar of Okawaru.
  5212 | D:5      | Entered Level 5 of the Dungeon
  5368 | D:5      | Found Ranotodd's Distillery.
  5405 | D:5      | Bought a potion of heal wounds for 50 gold pieces
  5405 | D:5      | Bought 2 potions of invisibility for 160 gold pieces
  5405 | D:5      | Bought a potion of curing for 30 gold pieces
  5405 | D:5      | Bought 2 potions of agility for 80 gold pieces
  5467 | D:5      | Reached skill level 7 in Fighting
  5971 | D:5      | Reached XP level 9. HP: 76/79 MP: 8/8
  6000 | D:5      | Found a basalt altar of Yredelemnul.
  6292 | D:6      | Found a glowing drain.
  6307 | Sewer    | Entered a sewer
  6431 | Sewer    | Found a white marble altar of Elyvilon.
  7088 | D:6      | Found Okyirou's Antique Weapon Emporium.
  7132 | D:6      | Found a glowing golden altar of the Shining One.
  7290 | D:6      | Found a blossoming altar of Fedhas.
  7746 | D:7      | Found a staircase to the Ecumenical Temple.
  7763 | Temple   | Entered the Ecumenical Temple
  7955 | Temple   | Became a worshipper of Makhleb the Destroyer
  8434 | D:7      | Reached skill level 8 in Fighting
  9060 | D:7      | Found a hide-covered altar of Uskayaw.
  9397 | D:7      | Reached * piety under Makhleb
  9782 | D:8      | Reached skill level 10 in Axes
 10014 | D:8      | Found a snail-covered altar of Cheibriados.
 10299 | D:8      | Found Narhouq's Magic Scroll Emporium.
 10305 | D:8      | Bought a scroll of identify for 28 gold pieces
 10305 | D:8      | Bought a scroll of identify for 28 gold pieces
 10348 | D:8      | Found a staircase to the Lair.
 10804 | D:8      | Found a deep blue altar of Sif Muna.
 10891 | Lair:1   | Entered Level 1 of the Lair of Beasts
 10905 | Lair:1   | Noticed a death yak
 10906 | Lair:1   | Noticed a death yak
 10907 | Lair:1   | Noticed a death yak
 10935 | D:9      | Reached XP level 10. HP: 88/90 MP: 9/9
 11055 | D:9      | Reached skill level 9 in Fighting
 11154 | D:9      | Reached ** piety under Makhleb
 11155 | D:9      | Found a radiant altar of Vehumet.
 11701 | D:9      | Found a staircase to the Orcish Mines.
 11854 | D:9      | Found a hazy altar of Hepliaklqana.
 11941 | D:10     | Entered Level 10 of the Dungeon
 11955 | D:9      | Reached *** piety under Makhleb
 12203 | D:10     | Noticed Grum
 12211 | D:10     | Reached skill level 10 in Shields
 12211 | D:10     | Reached skill level 1 in Invocations
 13328 | D:10     | Killed Grum
 13334 | D:10     | Noticed a two-headed hydra
 13352 | D:10     | Killed a two-headed hydra
 13352 | D:10     | Reached skill level 10 in Armour
 13352 | D:10     | Reached XP level 11. HP: 47/97 MP: 10/12
 13360 | D:10     | Reached **** piety under Makhleb
 14086 | D:11     | Found a glowing golden altar of the Shining One.
 14460 | D:11     | Found a frozen archway.
 14567 | D:11     | Got a fine cloak
 14574 | D:11     | Identified the +2 cloak of Life {+Inv Str+6} (You found it on level 11 of the Dungeon)
 14777 | Lair:1   | Noticed a six-headed hydra
 14815 | D:8      | Killed a six-headed hydra
 15073 | Lair:1   | Noticed a death yak
 15110 | D:8      | Killed a death yak
 15334 | Lair:1   | Got a fine plate armour
 15345 | Lair:1   | Identified the cursed +0 plate armour "Urheaboe" {rPois rCorr Dex+2 Stlth+} (You found it on level 1 of the Lair of Beasts)
 15569 | Lair:1   | Reached skill level 5 in Invocations
 15705 | D:8      | Reached ***** piety under Makhleb
 16095 | D:8      | Killed a death yak
 16103 | D:8      | Killed a death yak
 16130 | Lair:1   | Noticed a death yak
 16140 | Lair:1   | Killed a death yak
 16153 | Lair:1   | Killed a death yak
 16374 | Lair:1   | Reached XP level 12. HP: 105/105 MP: 15/15
 16755 | Lair:2   | Found a staircase to the Snake Pit.
 17490 | Lair:2   | You fall through a shaft for 2 floors!
 18114 | Lair:3   | Reached ****** piety under Makhleb
 18268 | Lair:3   | Found a staircase to the Shoals.
 18905 | Lair:4   | Reached XP level 13. HP: 105/111 MP: 16/18
 20020 | Lair:5   | Found a shimmering altar of Xom.
 20787 | Lair:6   | Entered Level 6 of the Lair of Beasts
 20864 | Lair:6   | Found a staircase to the Slime Pits.
 21547 | Lair:6   | Reached skill level 15 in Axes
 21563 | Lair:6   | Reached XP level 14. HP: 118/118 MP: 20/20
 21927 | Lair:6   | Reached skill level 10 in Invocations
 22039 | Lair:6   | Reached skill level 15 in Shields
 22432 | Lair:6   | Found a runed door.
 22453 | Lair:6   | Reached skill level 1 in Evocations
 23341 | D:11     | Found Poetisym's Weapon Boutique.
 24017 | D:12     | Noticed Maurice
 24170 | D:12     | Killed Maurice
 24500 | D:12     | Found Maesik's Jewellery Shop.
 24506 | D:12     | Bought an uncursed ring of see invisible for 165 gold pieces
 24687 | D:13     | Noticed Nessos
 24720 | D:13     | Noticed Josephine
 24993 | D:12     | Killed Josephine
 25070 | D:13     | Killed Nessos
 25070 | D:13     | Reached skill level 10 in Fighting
 25812 | Orc:1    | Entered Level 1 of the Orcish Mines
 26262 | Orc:2    | Entered Level 2 of the Orcish Mines
 26262 | Orc:2    | Noticed Erolcha
 26330 | Orc:2    | Found a burning altar of Makhleb.
 26449 | Orc:2    | Reached skill level 15 in Armour
 26475 | Orc:2    | Reached skill level 11 in Fighting
 26882 | Orc:2    | Noticed an orc warlord
 26904 | Orc:2    | Killed an orc warlord
 27083 | Orc:2    | Noticed Azrael
 27105 | Orc:2    | Killed Azrael
 27105 | Orc:2    | Reached XP level 15. HP: 106/130 MP: 22/22
 27387 | Orc:2    | Killed Erolcha
 27392 | Orc:2    | Found Piprour's Magic Scroll Shop.
 27412 | Orc:2    | Found Syraug's General Store.
 27513 | Orc:2    | Bought a potion of agility for 56 gold pieces
 27513 | Orc:2    | Bought a scroll of teleportation for 42 gold pieces
 27515 | Orc:2    | Bought a scroll of acquirement for 728 gold pieces
 27515 | Orc:2    | Bought a scroll of enchant armour for 105 gold pieces
 27515 | Orc:2    | Bought a scroll of teleportation for 42 gold pieces
 27585 | Orc:2    | Noticed Sonja
 27889 | Orc:2    | Found a staircase to the Elven Halls.
 28037 | Orc:1    | Found a radiant altar of Vehumet.
 28437 | Orc:2    | Killed Sonja
 28437 | Orc:2    | Reached skill level 12 in Fighting
 28942 | Orc:2    | Found Nefulegh's Antique Armour Emporium.
 28942 | Orc:2    | Found Jukhlurea's Book Shoppe.
 28942 | Orc:2    | Found a one-way gate leading to the halls of Pandemonium.
 29673 | D:14     | Noticed Roxanne
 29724 | D:14     | Reached skill level 13 in Fighting
 29813 | D:14     | Found a portal to a secret trove of treasure.
 30007 | D:14     | Found a gate to the Vaults.
 30111 | D:14     | Found an ancient bone altar of Kikubaaqudgha.
 30845 | Snake:1  | Entered Level 1 of the Snake Pit
 30845 | Snake:1  | Noticed a greater naga
 30855 | Snake:1  | Killed a greater naga
 30881 | Snake:1  | Found an oddly glowing altar of Pakellas.
 30975 | Snake:1  | Reached skill level 14 in Fighting
 31308 | Snake:1  | Reached XP level 16. HP: 147/147 MP: 23/23
 32205 | Snake:2  | Reached skill level 15 in Fighting
 32837 | Snake:2  | Found Eraidui's Gadget Shop.
 32850 | Snake:2  | Found Luett's Gadget Shop.
 32855 | Snake:2  | Found Myxo Soasu's Jewellery Emporium.
 32876 | Snake:2  | Bought an uncursed amulet of regeneration for 360 gold pieces
 32933 | Snake:2  | Found Muweutru's Armour Shop.
 33668 | Snake:3  | Reached skill level 16 in Fighting
 34362 | Snake:4  | Entered Level 4 of the Snake Pit
 34387 | Snake:4  | Reached skill level 1 in Dodging
 34647 | Snake:4  | Found Cerepucw's Assorted Antiques.
 34657 | Snake:4  | Bought a potion of curing for 108 gold pieces
 34657 | Snake:4  | Bought a potion of heal wounds for 180 gold pieces
 34657 | Snake:4  | Bought a scroll of teleportation for 108 gold pieces
 34845 | Snake:4  | Noticed Nikola
 35060 | Snake:4  | Killed Nikola
 35290 | Snake:4  | Noticed Agnes
 35302 | Snake:4  | Killed Agnes
 35538 | Snake:4  | Reached skill level 17 in Fighting
 35872 | Snake:4  | Reached skill level 5 in Dodging
 35981 | Snake:4  | Reached XP level 17. HP: 100/161 MP: 26/26
 36590 | Snake:4  | Noticed Louise
 36669 | Snake:4  | Killed Louise
 36831 | Snake:4  | Got a serpentine rune of Zot
 37481 | Shoals:1 | Entered Level 1 of the Shoals
 38150 | Shoals:1 | Found Cociru's Antique Weapon Emporium.
 38153 | Shoals:1 | Bought a runed war axe for 122 gold pieces
 38601 | Shoals:1 | Upgraded the game from 0.19-a0-1091-g463c9de to 0.19-a0-1097-g38e3b35
 38798 | Elf:1    | Entered Level 1 of the Elven Halls
 39031 | Elf:1    | Found Qyaps's Book Boutique.
 39948 | Elf:1    | Reached XP level 18. HP: 140/169 MP: 28/28
 39963 | Elf:1    | Identified the Guide on Conjuration
 40422 | Elf:2    | Reached skill level 15 in Invocations
 40885 | Elf:2    | Found a runed gate.
 40886 | Elf:2    | Found a runed gate.
 40898 | Elf:2    | Found a runed gate.
 41189 | Elf:2    | Reached skill level 18 in Fighting
 42039 | Elf:3    | Entered Level 3 of the Elven Halls
 42123 | Elf:3    | Noticed a Brimstone Fiend
 42126 | Elf:3    | Cast into level 2 of the Abyss (a deep elf sorcerer)
 42181 | Abyss:2  | Noticed a bone dragon
 42348 | Abyss:2  | Noticed a bone dragon
 42379 | Abyss:2  | Killed a bone dragon
 42388 | Elf:3    | Escaped the Abyss
 42660 | Elf:3    | Found a gateway to a bazaar.
 42883 | Elf:3    | Reached skill level 19 in Fighting
 43036 | Elf:3    | Reached XP level 19. HP: 156/183 MP: 30/30
 43041 | Elf:3    | Cast into level 2 of the Abyss (a deep elf sorcerer)
 44122 | Abyss:4  | Reached skill level 20 in Fighting
 44365 | Abyss:4  | Paralysed by accursed screaming for 1 turns
 44973 | Abyss:4  | Reached XP level 20. HP: 195/195 MP: 31/31
 45126 | Abyss:4  | Found a burning altar of Makhleb.
 45428 | Abyss:4  | Gained mutation: You are extremely frail. (-30% HP) [a neqoxec]
 45470 | Abyss:4  | Gained mutation: Your body often deteriorates upon taking damage. [a neqoxec]
 45475 | Abyss:4  | Noticed a profane servitor
 45518 | Abyss:4  | Killed a profane servitor
 45518 | Abyss:4  | Reached skill level 21 in Fighting
 45590 | Abyss:4  | Paralysed by accursed screaming for 1 turns
 45654 | Abyss:4  | Got an abyssal rune of Zot
 45679 | Abyss:4  | HP: 9/267 [crystal guardian/crystal bolt (15)]
 45692 | Abyss:4  | Paralysed by accursed screaming for 1 turns
 45696 | Abyss:4  | Paralysed by accursed screaming for 2 turns
 45795 | Abyss:4  | Found a corrupted altar of Lugonu.
 45808 | Abyss:4  | Found a corrupted altar of Lugonu.
 45891 | Abyss:4  | Lost intelligence.
 45902 | Abyss:4  | Found a corrupted altar of Lugonu.
 45912 | Abyss:4  | HP: 9/207 [tentacled starspawn (7)]
 45924 | Abyss:4  | HP: 4/138 [large abomination (18)]
 45962 | Abyss:4  | Paralysed by accursed screaming for 1 turns
 46120 | Abyss:4  | Noticed a bone dragon
 46150 | Abyss:4  | Killed a bone dragon
 46150 | Abyss:4  | Reached XP level 21. HP: 145/184 MP: 32/32
 46160 | Abyss:4  | HP: 4/184 [large abomination (14)]
 46165 | Abyss:4  | HP: 1/184 [large abomination (12)]
 46166 | Abyss:4  | Mangled by an Executioner

Vault maps used:
D:1:      onia_arrival_pentagram
D:2:      lightli_temple_of_fire, uniq_crazy_yiuf_cottage, uniq_jessica
D:3:      overflow_temple_1_default, first_bread
D:4:      lemuel_crystal_altar, nicolae_overflow_hidden_temple,
          nicolae_ossuary_entry_false_entrances, uniq_edmund, uniq_menkaure
D:5:      marbit_many_paths, serial_shops, shop_coins
D:6:      lemuel_doored_altar, serial_shops, shop, portal_sewer_entry_d,
          fedhas_altar_4
D:7:      eat_drink_and_be_merry_uskayaw
D:8:      cheibrodos_worm_habitat, tgw_sif, serial_shops, shop
D:9:      vehumet_crystals, kennysheep_mini_moat, erik_orc_1
D:10:     hangedman_ranch, minivault_1, uniq_grum
D:11:     portal_ice_cave_entry_pillars_2, serial_shops, shop_statue,
          kennysheep_cluttered_room, nicolae_tso_swordbearing_angel
D:12:     serial_shops, shop, uniq_maurice
D:13:     uniq_nessos, uniq_josephine
D:14:     david_vaults_1, basic_altar, nicolae_trove_entry_crystal,
          serial_bayou_pond_d, uniq_roxanne
Temple:   jpeg_temple_alley_garden
Lair:1:   beast_lair_carwin_7, lemuel_fruit_fields
Lair:2:   dummy_snake_entry, grunt_megastairs_1, lemuel_fruit_fields
Lair:3:   minmay_shoals_entry_hut, beast_lair_carwin_11
Lair:4:   special_room, dpeg_oklob_1, grunt_megastairs_3, serial_bayou_shore_b
Lair:5:   basic_altar, nicolae_lair_grove_arrangements
Lair:6:   wormcave, hangedman_lair_caniforms_friends, slime_dummy, st_stairs_12
Shoals:1: serial_shops, nicolae_shop_behind_doors,
          nicolae_shoals_siren_and_animal_friends
Snake:1:  basic_altar
Snake:2:  serial_shops, nicolae_shop_statue_plus, spider_trap,
          nicolae_large_snake_swirl, minmay_shop_grove
Snake:4:  snake_pit, serial_shops, nicolae_shop_crystal, st_stairs_11,
          uniq_nikola, uniq_agnes, uniq_louise
Orc:1:    basic_altar
Orc:2:    pf_orc_diabolical, basic_altar, elf_legates, uniq_erolcha, uniq_sonja,
          uniq_azrael
Elf:1:    eino_elf_arrival_the_gate, serial_glass, glass_columns_a,
          glass_columns_a, serial_shops, shop, kennysheep_underground_church,
          minmay_elf_sorcery
Elf:3:    minmay_elf_hall_furrowed, serial_shops, bzr_entry_lakeside
Abyss:2:  minivault_27, evilmike_abyss_exit_14
Abyss:3:  evilmike_abyss_rune_tso_outpost
Abyss:4:  bh_abyss_xom_lugonu_altar, minivault_4, hangedman_relentless_pull
Sewer:    sewer_kobolds
Ossuary:  minmay_ossuary_two_tombs

Skill      XL: |  1  2  3  4  5  6  7  8  9 10 11 12 13 14 15 16 17 18 19 20 |
---------------+-------------------------------------------------------------+-----
Axes           | 3 4 5 6 7 8 9 10 11 12 13 15 16 17 18 19 | 19.3
Armour         | 4 5 7 8 10 11 13 14 15 16 18 | 18.4
Shields        | 4 5 6 7 9 10 12 13 14 15 16 18 | 18.7
Fighting       | 4 6 7 8 9 11 14 17 19 20 21 | 21.4
Invocations    | 3 5 8 9 10 11 13 14 16 17 | 17.6
Evocations     | 4 |  4.3
Dodging        | 5 9 |  9.6

Action                   |  1- 3 |  4- 6 |  7- 9 | 10-12 | 13-15 | 16-18 | 19-21 || total
-------------------------+-------+-------+-------+-------+-------+-------+-------++-------
Melee: War axe           |    83 |   190 |   435 |    35 |   515 |  1766 |  1398 ||  4422
       Headbutt          |    12 |    31 |   101 |   232 |   563 |   593 |   482 ||  2014
       Broad axe         |       |       |       |   851 |  1157 |       |       ||  2008
       Flail             |       |       |       |    17 |    16 |       |       ||    33
Invok: Lesser Servant of |       |       |       |     4 |    11 |    10 |       ||    25
       Minor Destruction |       |       |       |     1 |     3 |     2 |       ||     6
       Major Destruction |       |       |       |       |    21 |    20 |       ||    41
       Greater Servant o |       |       |       |       |       |     1 |     4 ||     5
Evoke: Wand              |       |       |    15 |       |     6 |     6 |     1 ||    28
  Use: Scroll            |     2 |     1 |     3 |     6 |    21 |    15 |     4 ||    52
       Potion            |     1 |       |     1 |     6 |    11 |    15 |    17 ||    51
 Stab: Distracted        |       |       |       |     1 |     1 |     3 |     1 ||     6
       Invisible         |       |       |       |       |     6 |    14 |       ||    20
  Eat: Chunk             |       |     7 |    27 |    24 |    43 |    18 |     3 ||   122
       Fruit             |       |       |       |     3 |     1 |       |     1 ||     5
       Bread ration      |       |       |       |     1 |       |     2 |     1 ||     4
       Meat ration       |       |       |       |       |       |     2 |       ||     2
       Pizza             |       |       |       |       |       |     1 |       ||     1
       Beef jerky        |       |       |       |       |       |     1 |     5 ||     6
Armor: Scale mail        |    15 |       |       |       |       |       |       ||    15
       Chain mail        |    29 |    63 |   178 |    84 |       |       |       ||   354
       Plate armour      |       |       |       |   305 |   727 |   557 |   567 ||  2156
Dodge: Dodged            |    18 |    38 |    67 |   185 |   332 |   389 |   535 ||  1564
Block: Shield            |    34 |    80 |   219 |   598 |  1088 |   939 |   202 ||  3160
       Large shield      |       |       |       |       |       |       |  1040 ||  1040
